 Dungeon Crawl Stone Soup version 0.16.0-16-g311141a (webtiles) character file.

142 maniek23 the Covert (level 5, -1/38 HPs)
             Began as a Vampire Assassin on Mar 19, 2015.
             Slain by a gnoll
             ... wielding a +1 spear of piercing
              (2 damage)
             ... on level 3 of the Dungeon.
             The game lasted 00:07:37 (1616 turns).

maniek23 the Covert (Vampire Assassin)              Turns: 1616, Time: 00:07:37

Health: -1/38      AC:  4    Str: 10    XL:     5   Next: 4%
Magic:  2/5        EV: 12    Int: 14    God:
Gold:   110        SH:  0    Dex: 15    Spells: 0 memorised, 4 levels left

rFire  . . .     SeeInvis +     s - +0 blowgun
rCold  . . .     Clarity  .     c - +0 robe
rNeg   + . .     SustAb   .     (no shield)
rPois  +         Gourm    .     (no helmet)
rElec  .         Spirit   .     d - +0 cloak
rCorr  .         Warding  .     o - +0 pair of gloves
rMut   .         Stasis   .     (no boots)
MR     .....                    (no amulet)
Stlth  +++++.....               (no ring)
                                h - ring of poison resistance

@: not resistant to hostile enchantments, quite stealthy
A: bottle blood, fangs 3, see invisible, unbreathing
a: Bat Form


You were on level 3 of the Dungeon.
You were not thirsty.

You visited 1 branch of the dungeon, and saw 3 of its levels.

You collected 110 gold pieces.

Inventory:

Hand weapons
 a - a +2 dagger
 m - a +2 short sword of speed
 s - a +0 blowgun (weapon)
Missiles
 e - 25 poisoned needles (quivered)
 f - 2 curare-tipped needles
Armour
 c - a +0 robe (worn)
 d - a +0 cloak (worn)
 o - a +0 pair of gloves (worn)
Jewellery
 h - a ring of poison resistance (left hand)
Scrolls
 b - 5 scrolls of identify {unknown}
 j - a scroll of recharging {unknown}
 p - 2 scrolls of remove curse {unknown}
Potions
 g - 10 potions of blood
 i - 2 potions of brilliance {unknown}
 k - a potion of lignification {unknown}
 l - a potion of cancellation {unknown}
 n - a potion of poison {unknown}


   Skills:
 + Level 2.0 Fighting
 + Level 2.9 Short Blades
 + Level 1.8 Throwing
 + Level 1.8 Dodging
 + Level 8.6 Stealth


You had 4 spell levels left.
You didn't know any spells.

Dungeon Overview and Level Annotations

Branches:
Dungeon (3/15)

Altars:
Kikubaaqudgha

Annotations:
D:3 Zapata's ghost, average KoBe


Innate Abilities, Weirdness & Mutations

You can bottle blood from corpses.
You have razor-sharp teeth.
You have supernaturally acute eyesight.
You can survive without breathing.


Message History

Your +0 pair of gloves unmelds from your body.
Your +0 robe unmelds from your body.
Your ring of poison resistance unmelds from your body.
Wield which item (- for none, * to show all)? (? for menu, Esc to quit)
s - a +0 blowgun (weapon)
Firing (i - inventory. (,) - cycle):
e - 27 poisoned needles (quivered)
Press: ? - help, Shift-Dir - straight line, f - gnoll
Aim: a gnoll, wielding a spear of piercing You shoot a poisoned needle.
The poisoned needle barely misses the gnoll.
Firing (i - inventory. (,) - cycle):
e - 26 poisoned needles (quivered)
Press: ? - help, Shift-Dir - straight line, f/p - gnoll
Aim: a gnoll, wielding a spear of piercing You shoot a poisoned needle.
The poisoned needle hits the gnoll!
The gnoll is poisoned.
Use which ability? (? or * to list)
You fail to use your ability.
The gnoll hits you from afar with a spear of piercing.
* * * LOW HITPOINT WARNING * * *
You die...

... ... ...#..# #.#####
....... #.....#
##.#..## #.g##.#
.......# +#g..#(#
...#..# .....#g#
[.....# ##....#g#
.#....####....#รท#####
.#.#..........#.@...#
.........(....#####.#
........##.########.###
......................#
...#..................#
................####.##
##....#...#####.# .#
#....#.... #.# .#
.........#. #.# .#


You could see 2 gnolls.

Vanquished Creatures
  8 adders
  A gnoll (D:3)
  3 worms (D:2)
  An orc (D:3)
  A ball python (D:1)
  3 bats
  3 giant cockroaches (D:2)
  2 hobgoblins
  6 jackals
  5 kobolds
  A quokka (D:2)
  A giant gecko (D:2)
  4 giant newts
  5 goblins (D:1)
  6 rats
50 creatures vanquished.

Notes
Turn   | Place    | Note
--------------------------------------------------------------
     0 | D:1      | maniek23, the Vampire Assassin, began the quest for the Orb.
     0 | D:1      | Reached XP level 1. HP: 16/16 MP: 1/1
   142 | D:1      | Reached skill level 6 in Stealth
   336 | D:1      | Reached XP level 2. HP: 22/22 MP: 2/2
   836 | D:2      | Reached skill level 7 in Stealth
   838 | D:2      | Reached XP level 3. HP: 22/27 MP: 3/3
   872 | D:2      | Found an ancient bone altar of Kikubaaqudgha.
  1014 | D:2      | Reached XP level 4. HP: 31/33 MP: 4/4
  1053 | D:2      | Reached skill level 8 in Stealth
  1417 | D:3      | Noticed Zapata's ghost (average KoBe)
  1611 | D:3      | Reached XP level 5. HP: 4/38 MP: 2/5
  1616 | D:3      | HP: 1/38 [gnoll/spear of piercing (4)]
  1616 | D:3      | Slain by a gnoll

Action                   |  1- 3 |  4- 6 || total
-------------------------+-------+-------++-------
Melee: Dagger            |    48 |    38 ||    86
 Fire: Blowgun           |       |    20 ||    20
 Abil: Bat Form          |       |     3 ||     3
       End Transformatio |       |     3 ||     3
 Stab: Sleeping          |    14 |     7 ||    21
       Distracted        |       |     2 ||     2
  Eat: Corpse            |       |     2 ||     2
